 Dungeon Crawl Stone Soup version 0.22-a0-614-g34fbaa0 (webtiles) character file.

340 zishaf the Sneak (level 6, 0/28 HPs)
             Began as a Spriggan Enchanter on July 20, 2018.
             Succumbed to a worker ant's poison
             ... on level 3 of the Dungeon.
             The game lasted 00:18:51 (4332 turns).

zishaf the Sneak (Spriggan Enchanter)               Turns: 4332, Time: 00:18:52

Health: 0/28       AC:  2    Str:  4    XL:     6   Next: 30%
Magic:  14/14      EV: 18    Int: 20    God:
Gold:   165        SH:  0    Dex: 17    Spells: 9/15 levels left

rFire    + . .     SeeInvis +   l - +1 dagger (holy)
rCold    . . .     Gourm    .   (shield restricted)
rNeg     . . .     Faith    .   b - +0 robe
rPois    .         Spirit   .   (helmet restricted)
rElec    .         Reflect  .   (no cloak)
rCorr    .         Harm     .   (gloves unavailable)
MR       +....                  (boots unavailable)
Stlth    ++++......             (no amulet)
HPRegen  0.09/turn              m - ring of protection from fire
MPRegen  0.14/turn              j - +2 ring of intelligence

@: lethally poisoned (0 -> -2), very slightly contaminated, very quick
A: very small, unfitting armour, see invisible, herbivore, speed 3, slow
metabolism 2
a: no special abilities


You were on level 3 of the Dungeon.
You were not hungry.

You visited 1 branch of the dungeon, and saw 4 of its levels.

You collected 165 gold pieces.

Inventory:

Hand Weapons
 a - a +1 dagger
 l - a +1 dagger of holy wrath (weapon)
Armour
 b - a +0 robe (worn)
Jewellery
 h - an uncursed ring of resist corrosion
 j - a +2 ring of intelligence (right hand)
 m - a ring of protection from fire (left hand)
Scrolls
 c - 4 scrolls of identify {unknown}
 e - 2 scrolls of teleportation {unknown}
 n - 2 scrolls of random uselessness {unknown}
Potions
 f - a potion of cancellation {unknown}
 g - a potion of magic
 i - a potion of curing {unknown}
 k - a potion of heal wounds {unknown}


   Skills:
 * Level 0.0 Fighting
 - Level 2.0 Short Blades
 + Level 3.0 Dodging
 - Level 7.0 Stealth
 + Level 5.1 Spellcasting
 + Level 5.6 Hexes


You had 9 spell levels left.
You knew the following spells:

 Your Spells              Type           Power        Failure   Level  Hunger
a - Corona                Hex            ####...      1%          1    None
b - Ensorcelled Hibernat  Hex/Ice        ###...       5%          2    None
c - Confuse               Hex            ####....     3%          3    ##.....

Your spell library contained the following spells:

 Spells                   Type           Power        Failure   Level  Hunger
 Tukima's Dance           Hex            ####....     3%          3    ##.....
 Dazzling Spray           Conj/Hex       ###...       11%         3    ##.....


Dungeon Overview and Level Annotations

Branches:
Dungeon (4/15)
 Temple: D:4-7

Altars:
Elyvilon
Kikubaaqudgha
Okawaru
Ru
Trog
Uskayaw
Vehumet
Wu Jian
Zin


Innate Abilities, Weirdness & Mutations

You are very small and have problems with some larger weapons.
You are too small for most types of armour.
You have supernaturally acute eyesight. (SInv)
You are a herbivore.
You cover ground extremely quickly.
You need to consume almost no food.


Message History

Aim: a worker ant (chance to defeat MR: 55%)
The worker ant resists with significant effort.
You feel sick. The worker ant closely misses you.
Casting: Ensorcelled Hibernation (safe; 5% risk of failure)
Confirm with . or Enter, or press ? or * to list all spells.
Aiming: Ensorcelled Hibernation (safe; 5% risk of failure)
Press: ? - help, Shift-Dir - straight line, f/p - worker ant
Aim: a worker ant (chance to defeat MR: 55%)
You miscast Ensorcelled Hibernation.
Your skin tingles.
You feel sick.
Casting: Ensorcelled Hibernation (safe; 5% risk of failure)
Confirm with . or Enter, or press ? or * to list all spells.
Aiming: Ensorcelled Hibernation (safe; 5% risk of failure)
Press: ? - help, Shift-Dir - straight line, f/p - worker ant
Aim: a worker ant (chance to defeat MR: 55%)
The worker ant resists with significant effort.
The worker ant bites you.
* * * LOW HITPOINT WARNING * * *
It was a potion of magic.
Magic courses through your body.
You die...

##.##........##..#####.#
#.##.###........# #.#
#......#......).# #..
#.....>##.####>.# #.#
#.........# #..#####.#
##.....#### #g.......#
#.....# #.########
###.#########.#
#..@.a.g....#
#############


You could see a worker ant and a gnoll.

Vanquished Creatures
  3 vampire bats
  An orc wizard (D:3)
  A gnoll (D:3)
  7 adders
  An ooze (D:2)
  4 worms (D:2)
  3 dart slugs
  A leopard gecko (D:3)
  10 orcs
  2 bat skeletons (D:3)
  4 bat zombies (D:3)
  5 giant cockroaches
  8 goblins
  5 hobgoblins
  4 jackals (D:2)
  13 kobolds
  A quokka (D:2)
  2 ball pythons (D:3)
  8 bats
  2 frilled lizards (D:1)
  9 rats
94 creatures vanquished.

Notes
Turn   | Place    | Note
-------+----------+-------------------------------------------
     0 | D:1      | zishaf the Spriggan Enchanter began the quest for the Orb.
     0 | D:1      | Reached XP level 1. HP: 9/9 MP: 5/5
   247 | D:1      | Reached XP level 2. HP: 13/13 MP: 7/7
   263 | D:1      | Learned a level 2 spell: Ensorcelled Hibernation
   809 | D:1      | Reached skill level 5 in Stealth
   809 | D:1      | Reached XP level 3. HP: 15/16 MP: 2/8
  1063 | D:2      | Found an ornate altar of the Wu Jian Council.
  1064 | D:2      | Found a radiant altar of Vehumet.
  1065 | D:2      | Found a sacrificial altar of Ru.
  1065 | D:2      | Found a white marble altar of Elyvilon.
  1462 | D:2      | Found a bloodstained altar of Trog.
  1631 | D:2      | Reached XP level 4. HP: 21/21 MP: 7/10
  1636 | D:2      | Learned a level 3 spell: Confuse
  1943 | D:2      | Found a hide-covered altar of Uskayaw.
  1944 | D:2      | Noticed a dagger
  1944 | D:2      | Noticed a dagger
  2089 | D:2      | Found a glowing silver altar of Zin.
  2089 | D:2      | Noticed an angel
  2921 | D:3      | Reached skill level 6 in Stealth
  2921 | D:3      | Reached XP level 5. HP: 24/24 MP: 0/12
  3301 | D:3      | Reached skill level 5 in Hexes
  3711 | D:3      | Found an ancient bone altar of Kikubaaqudgha.
  3946 | D:3      | Reached XP level 6. HP: 28/28 MP: 8/14
  3949 | D:3      | Reached skill level 7 in Stealth
  3949 | D:3      | Reached skill level 5 in Spellcasting
  4057 | D:3      | Found an iron altar of Okawaru.
  4328 | D:3      | HP: 1/28 [worker ant (5)]
  4332 | D:3      | Succumbed to a worker ant's poison

Vault maps used:
D:1:      minmay_arrival_widening_spiral_wide
D:2:      dancing_weapons_uskayaw, zin_angel, grunt_temple_overflow_open,
          lemuel_doored_altar
D:3:      okawaru_altar_gauntlet_db, kennysheep_vampire_church
D:4:      chequers_ossuary_entry_cave

Skill      XL: |  1  2  3  4  5  6 |
---------------+-------------------+-----
Spellcasting   | 3 4 5 |  5.1
Hexes          | 4 5 |  5.6
Stealth        | 5 6 7 |  7.0
Short Blades   | 2 |  2.0
Dodging        | |  3.0

Action                   |  1- 3 |  4- 6 || total
-------------------------+-------+-------++-------
Melee: Dagger            |    99 |   112 ||   211
 Cast: Ensorcelled Hiber |    29 |    61 ||    90
       Confuse           |       |     7 ||     7
  Use: Potion            |       |     1 ||     1
 Stab: Sleeping          |    31 |    43 ||    74
       Confused          |       |     2 ||     2
  Eat: Ration            |       |     2 ||     2
Armor: Robe              |    10 |    14 ||    24
Dodge: Dodged            |    96 |   143 ||   239

Table legend:
 A = Spawn XP
 B = Non-spawn XP
 C = Spawn XP percentage of total XP
 D = Spawn monster count
 E = Non-spawn monster count
 F = Spawn count percentage of total count
 G = Total turns spent on level
                    A         B        C        D         E        F      G
               +---------+---------+-------+---------+---------+-------+---------
         Total |       0 |     486 |   0.0 |       0 |      94 |   0.0 |  4332
               +---------+---------+-------+---------+---------+-------+---------
           D:1 |       0 |      44 |   0.0 |       0 |      25 |   0.0 |  1113
           D:2 |       0 |     126 |   0.0 |       0 |      21 |   0.0 |  1762
           D:3 |       0 |     316 |   0.0 |       0 |      48 |   0.0 |  1445
               +---------+---------+-------+---------+---------+-------+---------
